 Dungeon Crawl Stone Soup version 0.31-a0-968-g24f9ace8b5 (webtiles) character file.

Game seed: 3809938271367590991

1812 croobank the Sneak (level 8, -3/70 HPs)
             Began as a Black Draconian Delver on Oct 27, 2023.
             Was a Believer of Kikubaaqudgha.
             Killed themself with a bounced orb of electricity (5 damage)
             ... on level 6 of the Dungeon.
             The game lasted 00:20:26 (5693 turns).

croobank the Sneak (Black Draconian Delver)         Turns: 5693, Time: 00:20:26

Health: -3/70      AC:  8    Str: 15    XL:     8   Next: 84%
Magic:  12/14      EV: 18    Int: 13    God:    Kikubaaqudgha [**....]
Gold:   1203       SH:  0    Dex: 12    Spells: 15/16 levels left

rFire   . . .        a - +6 short sword (elec)
rCold   . . .        (no shield)
rNeg    . . .        (body armour unavailable)
rPois   .            (helmet restricted)
rElec   +            (no cloak)
rCorr   .            (no gloves)
SInv    .            u - +1 pair of boots
Will    .....        (no amulet)
Stlth   +++          i - +5 ring of evasion
HPRegen 0.31/turn    (no ring)
MPRegen 0.14/turn

%: no passive effects
@: no status effects
A: breathe lightning, AC +6, unfitting armour, electricity resistance,
cold-blooded
a: Breathe Lightning, Renounce Religion, Unearth Wretches


You were on level 6 of the Dungeon.
You worshipped Kikubaaqudgha.
Kikubaaqudgha was pleased with you.
You visited 1 branch of the dungeon, and saw 6 of its levels.
You also visited: Ossuary.

You collected 1295 gold pieces.
You spent 92 gold pieces at shops.

Inventory:

Hand Weapons
 a - a +6 short sword of electrocution (weapon)
 h - a +1 whip of venom
 t - a +2 dagger of holy wrath
Missiles
 m - 5 javelins
 v - 3 poisoned darts (quivered)
Armour
 u - a +1 pair of boots (worn)
Magical Staves
 A - a staff of conjuration
Jewellery
 i - a +5 ring of evasion (left hand)
Wands
 f - a wand of digging (3)
 g - a wand of polymorph (8)
 p - a wand of charming (6)
 w - a wand of mindburst (29)
Scrolls
 b - 4 scrolls of fog
 c - 8 scrolls of noise
 d - 5 scrolls of fear
 l - 2 scrolls of identify
 o - 2 scrolls of immolation
 x - a scroll of teleportation
 y - a scroll of silence {unknown}
 C - a scroll of brand weapon
Potions
 e - 2 potions of enlightenment
 j - 2 potions of attraction
 k - a potion of cancellation {unknown}
 n - 2 potions of mutation
 q - 2 potions of heal wounds {unknown}
 r - 3 potions of curing {unknown}
 s - 4 potions of brilliance {unknown}
 z - 2 potions of resistance {unknown}
 B - 2 potions of might {unknown}


   Skills:
 + Level 5.9 Fighting
 + Level 4.7 Short Blades
 + Level 4.3 Dodging
 + Level 6.3 Stealth
 * Level 4.5 Spellcasting
 * Level 4.9 Necromancy


You had 15 spell levels left.
You knew the following spells:

 Your Spells              Type           Power      Damage    Failure   Level
a - Necrotise             Necr           60%        1d7       2%          1

Your spell library contained the following spells:

 Spells                   Type           Power      Damage    Failure   Level
 Sublimation of Blood     Necr           15%        N/A       3%          2
 Cigotuvi's Dreadful Rot  Necr/Pois/Air  14%        N/A       16%         2
 Animate Dead             Necr           15%        N/A       26%         4
 Borgnjor's Vile Clutch   Necr/Erth      4%         N/A       89%         5
 Alistair's Intoxication  Tmut/Pois      1%         N/A       99%         5
 Eringya's Noxious Bog    Tmut/Pois      1%         4d6       100%        6


Dungeon Overview and Level Annotations

Branches:
Dungeon (6/15)             Temple (0/1) D:4         Ossuary (visited)

Altars:
Fedhas
Kikubaaqudgha
Nemelex Xobeh
Trog
Vehumet
Wu Jian
Xom
Yredelemnul
Zin
The Shining One

Shops:
D:3 *

Annotations:
D:5 2 transporters, Rudyous's ghost, novice OpFE


Innate Abilities, Weirdness & Mutations

You can breathe wild blasts of lightning.
Your glossy black scales are hard. (AC +6)
You cannot fit into any form of body armour.
You are resistant to electric shocks. (rElec)
You are cold-blooded and may be slowed by cold attacks.


Message History

The bullfrog hits you.
The orc priest casts a cantrip, but nothing happens.
The bullfrog closely misses you.
You completely miss the bullfrog.
Your tail-slap misses the bullfrog.
The bullfrog is lightly wounded.
The bullfrog hits you.
You hit the bullfrog.
Your tail-slap misses the bullfrog.
The bullfrog is heavily wounded.
The orc priest invokes the aid of Beogh against you.
Beogh smites you! The bullfrog completely misses you.
You hit the bullfrog.
The bullfrog is severely wounded.
The bullfrog closely misses you.
The orc priest calls down the wrath of Beogh upon you.
Beogh smites you!
* * * LOW HITPOINT WARNING * * *
Activating: Breathe Lightning (4% risk of failure)
Press: ? - help, Dir - look around, f - activate You breathe a wild blast of lightning!
The orb of electricity explodes!
Kikubaaqudgha accepts your kill.
You feel a bit more experienced.
The orb of electricity engulfs something!
Kikubaaqudgha accepts your kill.
Reactivating autopickup.
You feel a bit more experienced. The orb of electricity engulfs you!
You resist.
* * * LOW HITPOINT WARNING * * *
The orb of electricity engulfs the bullfrog!!
You kill the bullfrog!
Kikubaaqudgha accepts your kill.
The orb of electricity explodes!
The orb of electricity engulfs the orc priest!!
You kill the orc priest!
Kikubaaqudgha accepts your kill.
The orb of electricity engulfs the orc priest!!
You kill the orc priest!
Kikubaaqudgha accepts your kill. The orb of electricity engulfs you.
You resist.
You die...
Kikubaaqudgha rasps: "You have failed me!
Welcome... death!"

,* *#.,,!(#*,**,* ,*
#.,,..#*.##,* ,*
#..,...,..,,* ,*
#..,#.#*.#*,# ,*
****###...#.##.##.#
,****,,,......#)......#****
,,,,,,***#...))....>...,..##
******* *,,,*#†#.#*****#..#
***,*##@.# #..# *,* #..#
#..# *,* #..# #..# #.###..#
#..# #......# #..#
##########..#######..#
##########...........#
####........###.......#
#.......<>..###.####.##


There were no monsters in sight!

Vanquished Creatures
  Pikel (D:4)
  Grinder (D:5)
  An ice beast (D:5)
  A sky beast (D:6)
  3 ogres
  A phantom (D:5)
  A bullfrog (D:6)
  A scorpion (D:4)
  A centaur zombie (Ossuary)
  3 orc priests
  2 hounds (D:5)
  2 jellies (D:5)
  Jessica (D:2)
  An iguana (D:2)
  Ijyb (D:5)
  Natasha (twice) (D:2)
  2 orc wizards
  4 mummies (Ossuary)
  3 adders
  A white imp (D:4)
  2 ufetubi (D:6)
  9 worms
  3 dart slugs
  14 orcs
  7 endoplasms
  A giant cockroach (D:2)
  A gnoll zombie (Ossuary)
  2 goblins (D:3)
  3 hobgoblins
  7 jackals
  5 kobolds
  4 quokkas
  2 ball pythons
  4 bats
  3 frilled lizards
  4 goblin zombies (Ossuary)
  A hobgoblin zombie (Ossuary)
  A kobold zombie (Ossuary)
  3 rats
109 creatures vanquished.

Vanquished Creatures (collateral kills)
  2 adders (D:5)
2 creatures vanquished.

Grand Total: 111 creatures vanquished

Notes
Turn   | Place    | Note
-------+----------+-------------------------------------------
     0 | D:5      | croobank the Draconian Delver began the quest for the Orb.
     0 | D:5      | Reached XP level 1. HP: 19/19 MP: 1/1
    25 | D:4      | Found an ornate altar of the Wu Jian Council.
    57 | D:4      | Found a bloodstained altar of Trog.
    65 | D:4      | Found a glowing golden altar of the Shining One.
    89 | D:4      | Found a shimmering altar of Xom.
   145 | D:4      | Reached XP level 2. HP: 26/26 MP: 2/2
   211 | D:2      | Reached XP level 3. HP: 18/33 MP: 3/3
  1174 | D:2      | Noticed Natasha
  1188 | D:2      | Killed Natasha
  1189 | D:2      | Reached XP level 4. HP: 15/40 MP: 4/4
  1517 | D:2      | Noticed Natasha
  1531 | D:2      | Killed Natasha
  1532 | D:2      | Reached skill level 5 in Stealth
  1680 | D:2      | Found a faded altar of an unknown god.
  1684 | D:2      | Prayed at the altar of an unknown god.
  1684 | D:2      | Became a worshipper of Kikubaaqudgha
  1684 | D:2      | Reached * piety under Kikubaaqudgha
  1684 | D:2      | Received a gift from Kikubaaqudgha
  1897 | D:2      | Noticed Jessica
  1904 | D:2      | Killed Jessica
  1905 | D:2      | Reached XP level 5. HP: 46/46 MP: 5/5
  1907 | D:2      | Learned a level 1 spell: Necrotise
  2209 | D:3      | Found Inwiffeh's Assorted Antiques.
  2217 | D:3      | Bought a lead wand for 92 gold pieces
  2584 | D:3      | Found a blossoming altar of Fedhas.
  2584 | D:3      | Found a sparkling altar of Nemelex Xobeh.
  2953 | D:5      | Reached skill level 1 in Spellcasting
  2953 | D:5      | Reached skill level 1 in Necromancy
  3002 | D:5      | Noticed a phantom
  3004 | D:5      | Noticed an ogre
  3067 | D:5      | Killed a phantom
  3068 | D:5      | Reached XP level 6. HP: 20/53 MP: 6/8
  3453 | D:5      | Identified a scroll of acquirement
  3453 | D:5      | Acquired 965 gold pieces
  3478 | D:5      | Noticed Grinder
  3479 | D:5      | Paralysed by Grinder for 3 turns
  3483 | D:5      | Killed Grinder
  3484 | D:5      | Your scales start taking on a glossy black colour.
  3484 | D:5      | Reached XP level 7. HP: 60/60 MP: 10/10
  3484 | D:5      | Gained mutation: You are resistant to electric shocks.
                  | (rElec) [Black Draconian growth]
  3503 | D:5      | Reached skill level 5 in Fighting
  3605 | D:5      | Noticed Ijyb
  3611 | D:5      | Killed Ijyb
  3892 | D:4      | Noticed Pikel
  3909 | D:4      | Killed Pikel
  3910 | D:4      | Reached skill level 6 in Stealth
  3910 | D:4      | Reached XP level 8. HP: 49/69 MP: 11/13
  4003 | D:4      | Reached ** piety under Kikubaaqudgha
  4202 | D:4      | Found a staircase to the Ecumenical Temple.
  4422 | D:4      | Found a radiant altar of Vehumet.
  4422 | D:4      | Found a basalt altar of Yredelemnul.
  4641 | D:5      | Found a transporter.
  4647 | D:5      | Found a transporter.
  4723 | D:5      | Found a glowing silver altar of Zin.
  4819 | D:5      | Noticed Rudyous's ghost (novice OpFE)
  5428 | D:6      | Found a sand-covered staircase.
  5437 | Ossuary  | Entered an ossuary
  5693 | D:6      | HP: 2/70 [bounced beam (8)]
  5693 | D:6      | Killed themself with a bounced orb of electricity

Illustrated notes

Levels and vault maps discovered:
D:1:      scummos_arrival_hexagon, layout_basic
D:2:      layout_loops_corners, hellmonk_ecumenical_altar_leap_of_faith,
          uniq_natasha, uniq_jessica
D:3:      layout_rooms, gammafunk_temple_overflow_statue, serial_shops,
          nicolae_shop_trees, hangedman_decor_points,
          minmay_misc_feat_diagonals, palyth_stone_intersect, minivault_4
D:4:      layout_basic, nicolae_overflow_quartered_altars,
          gammafunk_temple_overflow_pools, minmay_temple_entry_nine_rooms,
          cheibrodos_sewer_entry_bend, uniq_pikel
D:5:      layout_basic, mainiacjoe_overflow_small_starburst,
          gammafunk_ghost_stat_death, nicolae_wormholes, uniq_grinder, uniq_ijyb
D:6:      layout_loops_ring, mainiacjoe_ossuary_entry_dusty_tomb,
          uniq_blork_the_orc

Skill      XL: |  1  2  3  4  5  6  7  8 |
---------------+-------------------------+-----
Dodging        | 2 3 4 |  4.3
Fighting       | 4 5 |  5.9
Short Blades   | 3 4 |  4.7
Stealth        | 5 6 |  6.3
Spellcasting   | 1 2 3 4 |  4.5
Necromancy     | 1 2 4 |  4.9

Action                     |  1- 3 |  4- 6 |  7- 9 || total
---------------------------+-------+-------+-------++-------
  Melee: Short sword       |    24 |     7 |   100 ||   131
         Tailslap          |     8 |    22 |    19 ||    49
         Whip              |    67 |   133 |       ||   200
         Punch             |     1 |     2 |     2 ||     5
  Throw: Dart              |       |     2 |       ||     2
   Cast: Necrotise         |       |    29 |    20 ||    49
Ability: Breathe Lightning |       |       |     8 ||     8
  Evoke: Wand              |       |     5 |       ||     5
    Use: Potion            |     1 |       |       ||     1
         Scroll            |       |    13 |     2 ||    15
   Stab: Sleeping          |     8 |     6 |     5 ||    19
 Armour: Skin              |    34 |    52 |    37 ||   123
  Dodge: Dodged            |    78 |   129 |    57 ||   264

Table legend: (Time is in decaauts)
 A = Elapsed time spent in this place.
 B = Non-inter-level travel time spent in this place.
 C = Inter-level travel time spent in this place.
 D = Time resting spent in this place.
 E = Time spent auto-exploring this place.
 F = Levels seen in this place.
 G = Mean time per level.
                   A        B        C        D        E       F      G
               +--------+--------+--------+--------+--------+-----+--------+
         Total |   5699 |   5465 |    234 |    508 |   3722 |   7 |  814.1 |
       Dungeon |   5505 |   5271 |    234 |    508 |   3692 |   6 |  917.5 |
       Ossuary |    194 |    194 |      0 |      0 |     30 |   1 |  194.0 |
               +--------+--------+--------+--------+--------+-----+--------+

Top non-repeatable levels by time:
     D:5: 1512 daAuts
     D:4: 1178 daAuts
     D:2: 1168 daAuts
     D:1: 772 daAuts
     D:3: 770 daAuts
 Ossuary: 194 daAuts
     D:6: 104 daAuts
